 Dungeon Crawl Stone Soup version 0.25-a0-87-ga3d287bc14 (webtiles) character file.

Game seed: 5999693759911786587, levelgen mode: deterministic

44 Barrydekale the Conjurer (level 3, 0/19 HPs)
             Began as a Deep Elf Conjurer on Nov 10, 2019.
             Slain by an adder (1 damage)
             ... on level 1 of the Dungeon.
             The game lasted 00:02:55 (1074 turns).

Barrydekale the Conjurer (Deep Elf Conjurer)        Turns: 1074, Time: 00:02:56

Health: 0/19       AC:  2    Str:  6    XL:     3   Next: 41%
Magic:  4/9        EV: 13    Int: 19    God:
Gold:   29         SH:  0    Dex: 15    Spells: 5/8 levels left

rFire    . . .     SeeInvis .   d - +0 short sword
rCold    . . .     Gourm    .   (no shield)
rNeg     . . .     Faith    .   a - +0 robe
rPois    .         Spirit   .   (no helmet)
rElec    .         Reflect  .   (no cloak)
rCorr    .         Harm     .   (no gloves)
MR       .....                  (no boots)
Stlth    ++........             (no amulet)
HPRegen  0.06/turn              (no ring)
MPRegen  0.11/turn              (no ring)

@: no status effects
A: no striking features
a: no special abilities


You were on level 1 of the Dungeon.
You were not hungry.

You visited 1 branch of the dungeon, and saw 2 of its levels.

You collected 29 gold pieces.

Inventory:

Hand Weapons
 d - a +0 short sword (weapon)
Armour
 a - a +0 robe (worn)
Scrolls
 b - a scroll of identify {unknown}
 e - a scroll of immolation {unknown}
Comestibles
 c - 3 rations


   Skills:
 - Level 2.4 Dodging
 - Level 2.4 Stealth
 - Level 3.0 Spellcasting
 + Level 5.7 Conjurations


You had 5 spell levels left.
You knew the following spells:

 Your Spells              Type           Power        Failure   Level  Hunger
a - Magic Dart            Conj           ###.         1%          1    None
b - Searing Ray           Conj           ###...       2%          2    ##.....

Your spell library contained the following spells:

 Spells                   Type           Power        Failure   Level  Hunger
 Dazzling Spray           Conj/Hex       ##....       14%         3    ###....
 Iskenderun's Mystic Bla  Conj           ###.....     14%         4    ####...
 Force Lance              Conj/Tloc      ##......     43%         4    ####...
 Fulminant Prism          Conj/Hex       ##........   43%         4    ####...


Dungeon Overview and Level Annotations

Branches:
Dungeon (2/15)

Altars:


Message History

You feel sick. The adder closely misses you.
There is an open door here.
You feel sick. The adder closely misses you.
You feel sick. The adder barely misses you.
You feel sick. The adder bites you.
* * * LOW HITPOINT WARNING * * *
You feel sick.
You are no longer poisoned.
The adder bites you.
* * * LOW HITPOINT WARNING * * *
The adder barely misses you. The adder misses you. The adder misses you.
There is an open door here.
The adder bites you.
You die...

# #####.....# #.... #
#######.........# #.... #
#.......##....[.#####.... #
#.......#.......#[....... #
#.......#.......####..... #
#.......####+#######..... #
#............#........... #
#......#.#####.######.... #
####+###@......######....
######### #...S#####.....##...#'
#.......#######'#######.#.##.###.
#.......'..#............#....# ##
#.......##.#.....#############
#######.##.#.....##..###
#..........#.....####
##########..######........## ###
#......# #..# ##.........####..


You could see an adder.

Vanquished Creatures
  An ooze (D:1)
  4 goblins (D:1)
  7 hobgoblins
  6 jackals (D:1)
  A ball python (D:2)
  3 bats
  4 frilled lizards (D:1)
  4 kobolds
  9 rats
39 creatures vanquished.

Notes
Turn   | Place    | Note
-------+----------+-------------------------------------------
     0 | D:1      | Barrydekale the Deep Elf Conjurer began the quest for the
                  | Orb.
     0 | D:1      | Reached XP level 1. HP: 10/10 MP: 6/6
   238 | D:1      | Reached XP level 2. HP: 15/15 MP: 5/8
   280 | D:1      | Reached skill level 5 in Conjurations
   612 | D:1      | Reached XP level 3. HP: 19/19 MP: 4/9
   868 | D:1      | Learned a level 2 spell: Searing Ray
  1074 | D:1      | Slain by an adder

Levels and vault maps discovered:
D:1:      dpeg_arrival_round_c, layout_basic
D:2:      layout_loops_ring, lemuel_zombie_altar_yredelemnul,
          chequers_ecumenical_altar_lobes, st_stairs_4, minmay_tromino_v2,
          uniq_natasha

Skill      XL: |  1  2 |
---------------+-------+-----
Conjurations   | 5 |  5.7
Dodging        | |  2.4
Stealth        | |  2.4
Spellcasting   | |  3.0

Action                   || total
-------------------------++-------
Melee: Unarmed           ||     4
       Short sword       ||     3
 Cast: Magic Dart        ||    77
Armor: Robe              ||     9
Dodge: Dodged            ||    27

Table legend:
 A = Non-vault XP
 B = Vault XP
 C = Vault XP percentage of total XP
 D = Non-vault monster count
 E = Vault monster count
 F = Vault count percentage of total count
                 A         B        C        D         E       F
            +---------+---------+-------+---------+---------+-------
      Total |      64 |       0 |   0.0 |      39 |       0 |   0.0
            +---------+---------+-------+---------+---------+-------
        D:1 |      55 |       0 |   0.0 |      32 |       0 |   0.0
        D:2 |       9 |       0 |   0.0 |       7 |       0 |   0.0
            +---------+---------+-------+---------+---------+-------
